 Dungeon Sprint DCSS version 0.31-a0-18-gea43df2a32 (webtiles) character file.

Game seed: 3048645603432614696

19534 sircluck the Shatterer (level 12, 0/122 HPs)
             Began as a Minotaur Berserker on May 9, 2023.
             Was a High Priest of Trog.
             Shot with an arrow by a deep elf master archer (28 damage)
             ... in the Dungeon (Sprint II: "The Violet Keep of Menkaure").
             The game lasted 00:12:23 (2561 turns).

sircluck the Shatterer (Minotaur Berserker)         Turns: 2561, Time: 00:12:25

Health: 0/122      AC:  9    Str: 29    XL:     12   Next: 37%
Magic:  11/11      EV: 13    Int:  4    God:    Trog [*****.]
Gold:   471        SH:  3    Dex: 11    Spells: 11/11 levels left

rFire   . . .        c - +2 eveningstar "Las Taco" {heavy, rPois rC+ Str+3 Stlth+}
rCold   + + .        j - +0 buckler
rNeg    . . .        i - +0 storm dragon scales
rPois   +            k - +0 mask of the Dragon {Will+ Slay+3 SInv}
rElec   +            (no cloak)
rCorr   .            (no gloves)
SInv    +            (no boots)
Will    +....        l - amulet of Woig {Drain rElec rC+ Regen+}
Stlth   ++           (no ring)
HPRegen 1.20/turn    (no ring)
MPRegen 0.12/turn

%: no teleportation
@: flying
A: horns 2, retaliatory headbutt, see invisible, deformed body, frail 1
a: Renounce Religion, Berserk, Trog's Hand, Brothers in Arms


You were in the Dungeon.
You worshipped Trog.
Trog was extremely pleased with you.
You visited 1 branch You collected 2952 gold pieces.
You spent 2481 gold pieces at shops.

Inventory:

Hand Weapons
 a - a +0 mace
 c - the +2 eveningstar "Las Taco" (weapon) {heavy, rPois rC+ Str+3 Stlth+}
   (You acquired it in the Dungeon)

   Str:       It affects your strength (+3).
   rC:        It protects you from cold.
   rPois:     It protects you from poison.
   Stlth:     It makes you more stealthy.
 d - a +4 morningstar
 m - a +6 dire flail
Armour
 b - a +0 animal skin
 i - +0 storm dragon scales (worn)
 j - a +0 buckler (worn)
 k - the +0 mask of the Dragon (worn) {Will+ Slay+3 SInv}
   (You bought it in a shop in the Dungeon)

   Slay:      It affects your accuracy & damage with ranged weapons and melee
   (+3).
   SInv:      It lets you see invisible.
   Will:      It increases your willpower.
 o - +0 ice dragon scales
Jewellery
 l - the amulet of Woig (around neck) {Drain rElec rC+ Regen+}
   (You bought it in a shop in the Dungeon)

   [amulet of regeneration]

   rC:        It protects you from cold.
   rElec:     It insulates you from electricity.
   Regen:     It increases your rate of health regeneration.
   Drain:     It drains your maximum health when unequipped.
Potions
 e - a potion of haste
 f - 2 potions of magic
 g - a potion of berserk rage
 n - a potion of degeneration {unknown}


   Skills:
 + Level 21.4 Fighting
 + Level 22.4 Maces & Flails
 + Level 10.8 Armour
 + Level 13.5 Dodging
 + Level 9.8 Stealth
 + Level 5.9 Unarmed Combat


You had 11 spell levels left.
You didn't know any spells.
Your spell library was empty.

Dungeon Overview and Level Annotations

Branches:
Dungeon (1/1)

Altars:
Cheibriados
Dithmenos
Elyvilon
Fedhas
Gozag
Hepliaklqana
Kikubaaqudgha
Makhleb
Nemelex Xobeh
Okawaru
Qazlal
Ru
Sif Muna
Trog
Uskayaw
Vehumet
Wu Jian
Xom
Yredelemnul
Zin
The Shining One
Jiyva
Lugonu

Shops:
D ?(=:[:=(?*![[=:[[!:==([!*??

Annotations:
D exclusions: ice statue, oklob plant and orange crystal statue


Innate Abilities, Weirdness & Mutations

You have a pair of horns on your head.
You reflexively headbutt those who attack you in melee.
You have supernaturally acute eyesight. (SInv)
Armour fits poorly on your strangely shaped body.
You are frail. (-10% HP)


Message History

You see here a +0 club.
There is an open door here.
There is an open door here.
You start putting on your armour.
You continue putting on your +0 buckler. x4
You finish putting on your +0 buckler.
The deep elf master archer shoots an arrow.
The arrow hits you!!
The deep elf master archer shoots an arrow.
The arrow hits you!!
There is an open door here.
You start resting.
HP restored.
The deep elf master archer shoots an arrow.
The arrow hits you!!
The deep elf master archer shoots an arrow.
The arrow hits you!!
There is an open door here.
You start resting.
HP restored.
You feel very buoyant.
You fly up into the air.
The deep elf master archer shoots an arrow.
The arrow hits you.
The deep elf master archer shoots an arrow.
The arrow hits you!!
The deep elf master archer shoots an arrow.
The arrow hits you!!!
The deep elf master archer shoots an arrow.
The arrow hits you!!
* * * LOW HITPOINT WARNING * * *
The deep elf master archer unwields a +0 longbow.
The deep elf master archer closely misses you.
You hit the deep elf master archer.
Your headbutt misses the deep elf master archer.
The deep elf master archer is lightly wounded.
The deep elf master archer wields a +0 longbow.
The deep elf master archer shoots an arrow.
The arrow hits you!!
You die...

###*********** *,,,,* ***********
÷÷#∩∩,∩∩+,+,,***,,,,***,,,,,+,,,+
).#******,****,,,,,,,,*,,,,,*,,,*
'##,,####+####,,,,,,,,*,,,,,*,***
..+,##§≈§≈§§≈##⌠,,,,*+***,,,*,,,*
..###≈§§≈≈≈§§≈##,,,,*,,***+****,*
#..+≈§≈≈§8≈§≈≈≈##++##,,,+,,,*,,,*
.####≈§≈§≈§§≈≈##§.^.###,*,,,*****
...~##≈§≈§§§~*#e@.....#**,,,*~~~~
###~~#+++#+++#####..^.#,##,,*****
##~~~.........#.)'....#,.#,,*,,,,
.#~~~~.##'##..#†.####†#,.#,,*,,,,
.#~~~~##...##.####..'.##.#,,*,,,,
.#~~~~#..#..#....#..#...####*,,,,
.#~~####...####..#####^.##.#▓?$[$
.#~##.###)###)##..#..'..#..#▓?$!?
.#~##..##.##)).#..#..#^.#..#▓$($[


You could see a deep elf master archer.

Vanquished Creatures
  A golden dragon (D)
  A storm dragon (D)
  Kirke (D)
  A crystal guardian (D)
  A deep elf high priest (D)
  An ice dragon (D)
  A centaur warrior (D)
  2 hell hogs (D)
  A skeletal warrior (D)
  2 death drakes (D)
  3 manticores (D)
  3 shining eyes (D)
  A merfolk siren (D)
  An elephant (D)
  A kobold demonologist (D)
  4 polar bears (D)
  A hornet (D)
  A blink frog (D)
  3 yaks (D)
  7 wyverns (D)
  Menkaure (D)
  A swamp drake (D)
  4 scorpions (D)
  3 worms (D)
46 creatures vanquished.

Vanquished Creatures (collateral kills)
  A bone dragon (D)
  A frost giant (D)
  A cacodemon (D)
  A yaktaur captain (D)
  A yaktaur (D)
  A polar bear (D)
6 creatures vanquished.

Vanquished Creatures (others)
  A water moccasin (D)
1 creature vanquished.

Grand Total: 53 creatures vanquished

Notes
Turn   | Place    | Note
-------+----------+-------------------------------------------
     0 | D        | sircluck the Minotaur Berserker began the quest for the
                  | Orb.
     0 | D        | Reached XP level 1. HP: 19/19 MP: 0/0
     3 | D        | Noticed a merfolk siren
    10 | D        | Killed a merfolk siren
    11 | D        | Reached skill level 10 in Fighting
    11 | D        | Reached skill level 10 in Maces & Flails
    11 | D        | Reached skill level 5 in Armour
    11 | D        | Reached skill level 5 in Dodging
    11 | D        | Reached XP level 2. HP: 23/39 MP: 1/1
    11 | D        | Reached XP level 3. HP: 28/46 MP: 2/2
    11 | D        | Reached XP level 4. HP: 32/52 MP: 3/3
    11 | D        | Reached XP level 5. HP: 36/59 MP: 4/4
    11 | D        | Reached XP level 6. HP: 41/67 MP: 5/5
   139 | D        | Reached ** piety under Trog
   140 | D        | Reached skill level 11 in Maces & Flails
   260 | D        | Reached *** piety under Trog
   266 | D        | Reached skill level 12 in Maces & Flails
   266 | D        | Reached XP level 7. HP: 37/74 MP: 6/6
   414 | D        | Noticed a wyvern
   414 | D        | Noticed a wyvern
   421 | D        | Killed a wyvern
   422 | D        | Reached skill level 13 in Maces & Flails
   424 | D        | Killed a wyvern
   425 | D        | Reached skill level 1 in Stealth
   517 | D        | Noticed an ice statue
   530 | D        | Found Viw Woxt's Magic Scroll Shop.
   530 | D        | Found Hiekkef's Antique Weapon Boutique.
   530 | D        | Found Voohakh's Magic Scroll Boutique.
   530 | D        | Found Gaxud's Jewellery Shop.
   531 | D        | Found Xeacygah's Distillery.
   531 | D        | Found Jurythreeph's Armour Boutique.
   531 | D        | Found Malum's Antique Armour Shop.
   531 | D        | Found Ughaulau's Book Boutique.
   532 | D        | Found Wyoduw's Distillery.
   532 | D        | Found Xuah's Assorted Antiques.
   533 | D        | Found Lewos's Armour Shop.
   533 | D        | Found Gaihall's Antique Armour Boutique.
   534 | D        | Found Dypp's Jewellery Shop.
   534 | D        | Noticed Menkaure
   534 | D        | Noticed an iron elemental
   534 | D        | Noticed an oklob plant
   535 | D        | Found Feselekk's Book Shoppe.
   535 | D        | Found Geug's Jewellery Boutique.
   548 | D        | Killed Menkaure
   548 | D        | Reached **** piety under Trog
   555 | D        | Noticed a fire dragon
   560 | D        | Bought a scroll of acquirement for 624 gold pieces
   560 | D        | Acquired the +2 eveningstar "Las Taco" {heavy, rPois rC+
                  | Str+3 Stlth+}
   582 | D        | Noticed a blink frog
   586 | D        | Killed a blink frog
   587 | D        | Reached skill level 14 in Maces & Flails
   587 | D        | Reached XP level 8. HP: 76/86 MP: 7/7
   780 | D        | Noticed an orange crystal statue
   783 | D        | Noticed Kirke
   783 | D        | Noticed a yaktaur captain
   783 | D        | Noticed a skeletal warrior
   783 | D        | Noticed a centaur warrior
   905 | D        | Killed a yaktaur captain
   906 | D        | Reached skill level 15 in Maces & Flails
   978 | D        | Noticed an elephant
  1039 | D        | Killed a skeletal warrior
  1040 | D        | Reached skill level 15 in Fighting
  1040 | D        | Reached skill level 16 in Maces & Flails
  1040 | D        | Reached XP level 9. HP: 97/97 MP: 8/8
  1082 | D        | Killed a centaur warrior
  1083 | D        | Reached skill level 17 in Maces & Flails
  1103 | D        | Killed an elephant
  1118 | D        | Noticed a kobold demonologist
  1127 | D        | Killed a kobold demonologist
  1127 | D        | Reached ***** piety under Trog
  1193 | D        | Reached XP level 10. HP: 108/108 MP: 9/9
  1251 | D        | Killed Kirke
  1252 | D        | Reached skill level 18 in Maces & Flails
  1252 | D        | Reached skill level 10 in Dodging
  1252 | D        | Reached skill level 1 in Unarmed Combat
  1488 | D        | Noticed a shining eye
  1488 | D        | Noticed a shining eye
  1489 | D        | Gained mutation: Armour fits poorly on your strangely
                  | shaped body. [a shining eye]
  1491 | D        | Killed a shining eye
  1491 | D        | Reached ****** piety under Trog
  1492 | D        | Reached skill level 5 in Stealth
  1492 | D        | Noticed a shining eye
  1493 | D        | Killed a shining eye
  1494 | D        | Reached skill level 19 in Maces & Flails
  1494 | D        | Gained mutation: You are frail. (-10% HP) [a shining eye]
  1495 | D        | Killed a shining eye
  1495 | D        | Received a gift from Trog
  1773 | D        | Found Maquz's Magic Scroll Emporium.
  1773 | D        | Found Issoer's Armour Shop.
  1773 | D        | Found Dosm's Weapon Shop.
  1773 | D        | Found Yjurre's Book Shoppe.
  1773 | D        | Found Jung's Magic Scroll Boutique.
  1774 | D        | Found Qiqaycze's Weapon Shoppe.
  1774 | D        | Found Hasakhli's Armour Boutique.
  1774 | D        | Found Mikomyf's Book Emporium.
  1774 | D        | Found Cozidoj's Distillery.
  1774 | D        | Found Rosinomo's Jewellery Emporium.
  1774 | D        | Found Heiciby's Jewellery Shop.
  1774 | D        | Found Fyrounui's General Store.
  1808 | D        | Noticed a golden dragon
  1808 | D        | Noticed a storm dragon
  1808 | D        | Noticed a cacodemon
  1814 | D        | Noticed a frost giant
  1814 | D        | Noticed a deep elf high priest
  1814 | D        | Noticed a bone dragon
  1818 | D        | Gained mutation: You have supernaturally acute eyesight.
                  | (SInv) [a cacodemon]
  1818 | D        | Killed a cacodemon
  1819 | D        | Reached XP level 11. HP: 108/108 MP: 10/10
  1822 | D        | Killed a bone dragon
  1823 | D        | Reached skill level 20 in Maces & Flails
  1824 | D        | Killed a golden dragon
  1825 | D        | Killed a storm dragon
  1826 | D        | Reached skill level 21 in Maces & Flails
  1827 | D        | Killed a frost giant
  1830 | D        | Killed a deep elf high priest
  1892 | D        | Bought a scroll of acquirement for 624 gold pieces
  1892 | D        | Acquired 1056 gold pieces
  1897 | D        | Bought a buckler for 76 gold pieces
  1897 | D        | Bought the +0 mask of the Dragon {Will+ Slay+3 SInv} for
                  | 567 gold pieces
  1897 | D        | Found the +0 mask of the Dragon {Will+ Slay+3 SInv}
  1914 | D        | Bought the amulet of Woig {Drain rElec rC+ Regen+} for 590
                  | gold pieces
  1977 | D        | Found a radiant altar of Vehumet.
  1977 | D        | Found an iron altar of Okawaru.
  1977 | D        | Found a glowing silver altar of Zin.
  1978 | D        | Found a sparkling altar of Nemelex Xobeh.
  1978 | D        | Found a hide-covered altar of Uskayaw.
  1978 | D        | Found a basalt altar of Yredelemnul.
  1978 | D        | Found a glowing golden altar of the Shining One.
  1979 | D        | Found a burning altar of Makhleb.
  1979 | D        | Found an opulent altar of Gozag.
  1979 | D        | Found a bloodstained altar of Trog.
  1979 | D        | Found a shimmering altar of Xom.
  1980 | D        | Found a blossoming altar of Fedhas.
  1980 | D        | Found a corrupted altar of Lugonu.
  1980 | D        | Found a shimmering blue altar of Sif Muna.
  1980 | D        | Found an ornate altar of the Wu Jian Council.
  1981 | D        | Found a white marble altar of Elyvilon.
  1981 | D        | Found an ancient bone altar of Kikubaaqudgha.
  1981 | D        | Found a sacrificial altar of Ru.
  1982 | D        | Found a shadowy altar of Dithmenos.
  1982 | D        | Found a viscous altar of Jiyva.
  1982 | D        | Found a stormy altar of Qazlal.
  1987 | D        | Reached skill level 5 in Unarmed Combat
  1987 | D        | Found a snail-covered altar of Cheibriados.
  1989 | D        | Found a hazy altar of Hepliaklqana.
  2079 | D        | Noticed a death drake
  2089 | D        | Killed a death drake
  2090 | D        | Reached XP level 12. HP: 120/120 MP: 11/11
  2193 | D        | Noticed a crystal guardian
  2198 | D        | Received a gift from Trog
  2201 | D        | Killed a crystal guardian
  2202 | D        | Reached skill level 22 in Maces & Flails
  2235 | D        | Noticed a hell hog
  2235 | D        | Noticed a hell hog
  2239 | D        | Killed a hell hog
  2241 | D        | Killed a hell hog
  2318 | D        | Noticed a deep elf master archer
  2322 | D        | Noticed an ice dragon
  2384 | D        | Reached skill level 10 in Armour
  2384 | D        | Received a gift from Trog
  2449 | D        | Killed an ice dragon
  2561 | D        | Shot with an arrow by a deep elf master archer

Illustrated notes

Levels and vault maps discovered:
D:        the_violet_keep_of_menkaure [sprint2_stairs_cluster_1,
          sprint2_shoproom, sprint2_temple, sprint2_basic_supplies,
          sprint2_obstacle_2, sprint2_obstacle_5, sprint2_obstacle_4,
          sprint2_obstacle_7, sprint2_obstacle_3, sprint2_timed_cluster_1,
          sprint2_smallroom_cluster_1, sprint2_smallroom_final_cluster_1,
          sprint2_transparent_cluster_1, sprint2_second_timed_cluster_1,
          sprint2_sniper_area_1, sprint2_heavy_combat_area_1,
          sprint2_mutation_trap_area_1, sprint2_forest_area_1,
          sprint2_light_combat_area_1, sprint2_behind_water_1,
          sprint2_near_end_vault_1]

Skill      XL: |  1  2  3  4  5  6  7  8  9 10 11 12 |
---------------+-------------------------------------+-----
Fighting       | 10 11 13 15 16 18 20 21 | 21.4
Maces & Flails | 10 12 14 16 17 19 21 22 | 22.4
Armour         | 5 6 7 8 9 10 | 10.8
Dodging        | 5 7 8 9 11 13 | 13.5
Stealth        | 1 2 4 6 9 |  9.8
Unarmed Combat | 3 5 |  5.9

Action                     |  1- 3 |  4- 6 |  7- 9 | 10-12 || total
---------------------------+-------+-------+-------+-------++-------
  Melee: Mace              |     3 |    27 |    13 |       ||    43
         Headbutt          |     2 |     5 |     5 |    10 ||    22
         Punch             |       |     1 |     1 |       ||     2
         Eveningstar       |       |       |    24 |    64 ||    88
         Unarmed           |       |       |       |     7 ||     7
 Invoke: Berserk           |     1 |     1 |     2 |     2 ||     6
         Brothers in Arms  |       |       |     1 |     3 ||     4
         Trog's Hand       |       |       |       |     1 ||     1
    Use: Potion            |       |     1 |       |     2 ||     3
         Scroll            |       |       |     2 |     3 ||     5
   Stab: Sleeping          |       |       |     1 |     4 ||     5
         Distracted        |       |       |     1 |       ||     1
 Armour: Animal skin       |       |     4 |     2 |       ||     6
         Storm dragon scal |       |       |       |    17 ||    17
  Dodge: Dodged            |     2 |    12 |    25 |    55 ||    94

Table legend: (Time is in decaauts)
 A = Elapsed time spent in this place.
 B = Non-inter-level travel time spent in this place.
 C = Inter-level travel time spent in this place.
 D = Time resting spent in this place.
 E = Time spent auto-exploring this place.
 F = Levels seen in this place.
 G = Mean time per level.
                   A        B        C        D        E       F      G
               +--------+--------+--------+--------+--------+-----+--------+
         Total |   2693 |   2604 |     89 |   1888 |    127 |   1 | 2693.0 |
       Dungeon |   2693 |   2604 |     89 |   1888 |    127 |   1 | 2693.0 |
               +--------+--------+--------+--------+--------+-----+--------+

Top non-repeatable levels by time:
       D: 2693 daAuts
